 Dungeon Crawl Stone Soup version 0.29-a0-338-g1ff7896281 (webtiles) character file.

Game seed: 2372500288626259960

1095 zishaf the Skirmisher (level 8, 0/61 HPs)
             Began as a Djinni Venom Mage on Apr 18, 2022.
             Slain by an ice beast (19 damage)
             ... on level 6 of the Dungeon.
             The game lasted 00:17:12 (9242 turns).

zishaf the Skirmisher (Djinni Venom Mage)           Turns: 9242, Time: 00:17:14

Health: 0/61       AC:  5    Str:  7    XL:     8   Next: 57%
Gold:   386        EV: 13    Int: 19    God:
                   SH:  5    Dex: 14

rFire   + + .      SeeInvis .   b - +0 hunting sling
rCold   x . .      Faith    .   (no shield)
rNeg    . . .      Spirit   .   e - +0 robe
rPois   ∞          Reflect  +   t - +0 helmet
rElec   .          Harm     .   k - +1 cloak
rCorr   .          Rampage  .   (no gloves)
Will    .....                   (boots unavailable)
Stlth   ++........              x - amulet of reflection
HPRegen 0.20/turn               (no ring)
MPRegen 0.00/turn               (no ring)

@: flying
A: sickness immunity, fire resistance 2, cold vulnerability 1, float, innate
caster, HP casting, extra vitality 1
a: no special abilities


You were on level 6 of the Dungeon.
You visited 1 branch of the dungeon, and saw 6 of its levels.
You also visited: Ossuary.

You collected 386 gold pieces.

Inventory:

Hand Weapons
 a - a +2 hand axe of venom
 b - a +0 hunting sling (weapon)
 l - a +0 dagger of venom
Missiles
 f - 3 throwing nets
 g - 28 poisoned darts
Armour
 e - a +0 robe (worn)
 k - a +1 cloak (worn)
 t - a +0 helmet (worn)
Jewellery
 j - an amulet of the acrobat
 w - a ring of fire
 x - an amulet of reflection (around neck)
Wands
 n - a wand of polymorph (21)
 s - a wand of flame (21)
Scrolls
 i - 3 scrolls of teleportation
 r - a scroll of identify
 v - a scroll of vulnerability
Potions
 c - a potion of curing
 d - a potion of flight
 h - 3 potions of lignification
 m - 4 potions of brilliance
 o - a potion of berserk rage
 p - 2 potions of haste
 q - a potion of ambrosia
 u - a potion of heal wounds {unknown}
 z - a potion of degeneration {unknown}


   Skills:
 + Level 5.9 Fighting
 - Level 3.2 Dodging
 - Level 2.5 Stealth
 + Level 5.5 Spellcasting


You had 3 spell levels left.
You knew the following spells:

 Your Spells              Type           Power      Damage    Failure   Level
a - Sting                 Tmut/Pois      100%       1d8       1%          1
b - Poisonous Vapours     Pois/Air       52%        N/A       1%          2
c - Mephitic Cloud        Conj/Pois/Air  26%        N/A       3%          3
d - Olgreb's Toxic Radia  Pois           26%        N/A       12%         4
e - Shock                 Conj/Air       100%       1d9       1%          1
f - Static Discharge      Conj/Air       26%        N/A       1%          2
g - Ensorcelled Hibernat  Hex/Ice        52%        N/A       1%          2
Your spell library was empty.

Dungeon Overview and Level Annotations

Branches:
Dungeon (6/15)            Ossuary (visited)
 Temple: D:4-7

Altars:
Fedhas
Qazlal
Trog
Uskayaw
Xom
The Shining One

Shops:
D:5 *


Innate Abilities, Weirdness & Mutations

You are immune to sickness and miasma.
You are immune to poison.
Your flesh is very heat resistant. (rF++)
You are vulnerable to cold. (rC-)
You float through the air rather than walking.
You learn spells naturally, not from books.
Your magical power is your life essence.
You have superior vitality. (+4 MHP)


Message History

Press: ? - help, Shift-Dir - straight line, f/p - ice beast
Aim: an ice beast (78% to hit)
The sting misses the ice beast.
Casting: Sting (safe; 1% risk of failure)
Confirm with . or Enter, or press ? or * to list all spells.
Aiming: Sting (safe; 1% risk of failure)
Press: ? - help, Shift-Dir - straight line, f/p - ice beast
Aim: an ice beast (78% to hit)
The sting hits the ice beast.
The ice beast partially resists.
The ice beast is poisoned.
The ice beast is lightly wounded.
The ice beast misses you.
Casting: Sting (safe; 1% risk of failure)
Confirm with . or Enter, or press ? or * to list all spells.
Aiming: Sting (safe; 1% risk of failure)
Press: ? - help, Shift-Dir - straight line, f/p - ice beast
Aim: an ice beast (lightly wounded, poisoned, 78% to hit)
The sting hits the ice beast but does no damage.
The ice beast looks even sicker.
The ice beast is lightly wounded.
The ice beast hits you. The ice beast freezes you!
You feel a terrible chill!
Casting: Sting (safe; 1% risk of failure)
Confirm with . or Enter, or press ? or * to list all spells.
Aiming: Sting (safe; 1% risk of failure)
Press: ? - help, Shift-Dir - straight line, f/p - ice beast
Aim: an ice beast (moderately wounded, very poisoned, 78% to hit)
The sting hits the ice beast but does no damage.
The ice beast looks even sicker.
The ice beast is moderately wounded.
You block the ice beast's attack.
Casting: Sting (safe; 1% risk of failure)
Confirm with . or Enter, or press ? or * to list all spells.
Aiming: Sting (safe; 1% risk of failure)
Press: ? - help, Shift-Dir - straight line, f/p - ice beast
Aim: an ice beast (moderately wounded, very poisoned, 78% to hit)
The sting hits the ice beast but does no damage.
The ice beast looks as sick as possible!
The ice beast is moderately wounded.
The ice beast hits you. The ice beast freezes you!!
You feel a terrible chill!
You die...

.......# #..............# .#
......### ##.............# #.#
........###..............##...
#........##...................
#........##...................
.....###..........###......##
....# ##.........# ##.....###
.... ###.........####.......#
.... #.........@).##.........
... ##........Y...#........#
#.................>..##
...........................#
###........................#
#....................###..#
#.......##............###..
#.......##.............####
####......##...............#.#


You could see an ice beast (extremely poisoned).

Vanquished Creatures
  An ice beast (D:5)
  A kobold brigand (D:5)
  A gnoll sergeant (D:4)
  A scorpion (D:5)
  A howler monkey (D:4)
  2 centaur zombies (Ossuary)
  4 hounds
  An orc priest (D:4)
  Terence (D:2)
  Jessica (D:2)
  An iguana (D:6)
  An orc wizard (D:4)
  2 mummies (Ossuary)
  22 gnolls
  3 adders
  An ufetubus (D:4)
  2 adder zombies (Ossuary)
  2 worms
  6 dart slugs
  21 orcs (D:4)
  3 bats
  9 endoplasms
  3 giant cockroaches
  6 goblins
  4 hobgoblins (D:1)
  15 jackals
  3 quokkas
  9 ball pythons
  4 frilled lizards
  8 hobgoblin zombies (Ossuary)
  A jackal zombie (Ossuary)
  17 kobolds
  16 kobold zombies (Ossuary)
  5 orc zombies (Ossuary)
  6 rats
  3 rat zombies (Ossuary)
187 creatures vanquished.

Vanquished Creatures (others)
  A fungus (D:1)
  8 plants
9 creatures vanquished.

Grand Total: 196 creatures vanquished

Notes
Turn   | Place    | Note
-------+----------+-------------------------------------------
     0 | D:1      | zishaf the Djinni Venom Mage began the quest for the Orb.
     0 | D:1      | Reached XP level 1. HP: 15/15 MP: 0/0
   402 | D:1      | Reached XP level 2. HP: 18/21 MP: 0/0
   974 | D:1      | Found a faded altar of an unknown god.
  1036 | D:1      | Reached XP level 3. HP: 17/25 MP: 0/0
  1036 | D:1      | Learned a level 1 spell: Shock
  1706 | D:2      | Reached XP level 4. HP: 17/31 MP: 0/0
  2356 | D:2      | Noticed Jessica
  2365 | D:2      | Killed Jessica
  2366 | D:2      | Reached skill level 1 in Fighting
  2573 | D:2      | Reached XP level 5. HP: 37/37 MP: 0/0
  2573 | D:2      | Learned a level 2 spell: Static Discharge
  2702 | D:2      | Noticed Terence
  2730 | D:2      | Killed Terence
  4761 | D:4      | Reached XP level 6. HP: 36/43 MP: 0/0
  4982 | D:4      | Found a bloodstained altar of Trog.
  5465 | D:4      | Reached XP level 7. HP: 23/50 MP: 0/0
  5465 | D:4      | Learned a level 2 spell: Ensorcelled Hibernation
  5853 | D:4      | Found a glowing golden altar of the Shining One.
  5880 | D:4      | Found a blossoming altar of Fedhas.
  5881 | D:4      | Found a stormy altar of Qazlal.
  5897 | D:4      | Found a shimmering altar of Xom.
  7583 | D:5      | Entered Level 5 of the Dungeon
  7622 | D:5      | Found a hide-covered altar of Uskayaw.
  7699 | D:5      | Reached skill level 5 in Fighting
  7699 | D:5      | Reached skill level 5 in Spellcasting
  7699 | D:5      | Reached XP level 8. HP: 57/59 MP: 0/0
  7768 | D:5      | Found a sand-covered staircase.
  7776 | Ossuary  | Entered an ossuary
  8834 | D:5      | Found Weodd's General Store.
  9242 | D:6      | Slain by an ice beast

Illustrated notes

Levels and vault maps discovered:
D:1:      psy_arrival_statuary, layout_loops_ring,
          shapermc_ecumenical_altar_mp_urbaneastern
D:2:      layout_loops_ring, dreamdust_princess_corridor, uniq_terence,
          uniq_jessica
D:3:      layout_basic, chequers_serial_rivers_small_a, chequers_jeans,
          minmay_misc_feat_encased
D:4:      lemuel_castle_with_subvaults [lemuel_castle_interior_carwin_3],
          layout_loops_ring, grunt_temple_overflow_forces_of_nature,
          amcnicky_altar_gilded, xom_butterflies, kennysheep_mini
D:5:      layout_basic, nicolae_overflow_crystal_walls, serial_shops,
          kennysheep_mini_moat, chequers_ossuary_entry_cave
D:6:      layout_cave_pools, nemelex_dance_club_becter,
          mainiacjoe_overflow_alcove_2, kennysheep_slug_shrine,
          nicolae_wu_jian_immortal_techniques, minmay_temple_entry_from_below_a

Skill      XL: |  1  2  3  4  5  6  7 |
---------------+----------------------+-----
Stealth        | 2 |  2.5
Dodging        | 3 |  3.2
Spellcasting   | 3 4 5 |  5.5
Fighting       | 1 2 3 5 |  5.9

Action                   |  1- 3 |  4- 6 |  7- 9 || total
-------------------------+-------+-------+-------++-------
Melee: Unarmed           |    11 |       |       ||    11
 Fire: Hunting sling     |    32 |    85 |   169 ||   286
 Cast: Sting             |    57 |    74 |   101 ||   232
       Poisonous Vapours |     1 |    19 |    37 ||    57
       Mephitic Cloud    |       |     7 |     4 ||    11
       Static Discharge  |       |       |    12 ||    12
       Shock             |       |       |     8 ||     8
  Use: Scroll            |       |     7 |     6 ||    13
Armor: Robe              |     6 |     6 |    35 ||    47
Dodge: Dodged            |    16 |    67 |   150 ||   233
Block: Other             |       |       |     1 ||     1

Table legend: (Time is in decaauts)
 A = Elapsed time spent in this place.
 B = Non-inter-level travel time spent in this place.
 C = Inter-level travel time spent in this place.
 D = Time resting spent in this place.
 E = Time spent auto-exploring this place.
 F = Levels seen in this place.
 G = Mean time per level.
                   A        B        C        D        E       F      G
               +--------+--------+--------+--------+--------+-----+--------+
         Total |   9383 |   9250 |    133 |   1524 |   6110 |   7 | 1340.4 |
       Dungeon |   8822 |   8689 |    133 |   1524 |   5838 |   6 | 1470.3 |
       Ossuary |    560 |    560 |      0 |      0 |    272 |   1 |  560.0 |
               +--------+--------+--------+--------+--------+-----+--------+

Top non-repeatable levels by time:
     D:4: 3128 daAuts
     D:2: 1562 daAuts
     D:1: 1541 daAuts
     D:3: 1431 daAuts
     D:5: 894 daAuts
 Ossuary: 560 daAuts
     D:6: 263 daAuts
